 Dungeon Crawl Stone Soup version 0.29.1-13-g9f3cf754e1 (webtiles) character file.

Game seed: 7868531615761504740

325 KittyFluff the Trooper (level 6, -1/40 HPs)
             Began as a Gargoyle Berserker on Feb 5, 2023.
             Was a Believer of Trog.
             Killed from afar by an orc wizard (5 damage)
             ... with a magic dart
             ... on level 4 of the Dungeon on Feb 6, 2023.
             The game lasted 00:15:50 (4011 turns).

KittyFluff the Trooper (Gargoyle Berserker)         Turns: 4011, Time: 00:15:50

Health: -1/40      AC:  7    Str: 20    XL:     6   Next: 48%
Magic:  6/6        EV: 12    Int:  8    God:    Trog [**....]
Gold:   98         SH:  0    Dex: 11    Spells: 5/5 levels left

rFire   . . .      SeeInvis .   a - +0 mace
rCold   . . .      Faith    .   (no shield)
rNeg    + . .      Spirit   .   p - +0 leather armour
rPois   ∞          Reflect  .   (no helmet)
rElec   +          Harm     .   (no cloak)
rCorr   .          Rampage  .   (no gloves)
Will    .....                   (no boots)
Stlth   +.........              n - amulet of regeneration
HPRegen 0.93/turn               (no ring)
MPRegen 0.10/turn               (no ring)

@: on berserk cooldown, slowed, very slow
A: sickness immunity, AC +4, negative energy resistance 1, electricity
resistance, torment resistance 1, petrification resistance
a: Renounce Religion, Berserk, Trog's Hand


You were on level 4 of the Dungeon.
You worshipped Trog.
Trog was pleased with you.
You visited 1 branch of the dungeon, and saw 4 of its levels.

You collected 140 gold pieces.
You spent 42 gold pieces at shops.

Inventory:

Hand Weapons
 a - a +0 mace (weapon)
 e - a +0 sling
Missiles
 c - 36 stones (quivered)
Armour
 i - a +0 ring mail
 l - a +0 scale mail
 p - a +0 leather armour (worn)
 u - a +0 scale mail
Jewellery
 n - an amulet of regeneration (around neck)
Scrolls
 d - a scroll of acquirement {unknown}
 h - 2 scrolls of vulnerability {unknown}
 j - a scroll of poison {unknown}
 r - 2 scrolls of teleportation
 s - a scroll of fear
 t - a scroll of fog {unknown}
Potions
 b - a potion of berserk rage {unknown}
 f - a potion of haste
 g - 5 potions of flight
 k - 2 potions of curing
 m - a potion of heal wounds
 o - 2 potions of mutation
 q - a potion of degeneration {unknown}


   Skills:
 + Level 4.9 Fighting
 + Level 4.4 Maces & Flails
 + Level 0.1 Throwing
 * Level 3.9 Armour
 + Level 2.6 Dodging
 + Level 1.4 Stealth


You had 5 spell levels left.
You didn't know any spells.
Your spell library was empty.

Dungeon Overview and Level Annotations

Branches:
Dungeon (4/15)
 Temple: D:4-7

Altars:

Shops:
D:4 ?!


Innate Abilities, Weirdness & Mutations

You are immune to sickness and miasma.
Your stone body is resilient. (AC +4)
You are immune to poison.
You resist negative energy. (rN+)
You are resistant to electric shocks. (rElec)
You are resistant to unholy torment.
You are immune to petrification.


Message History

You closely miss the orc.
The orc is heavily wounded.
Something hits you but does no damage. The orc hits you but does no damage.
The orc barely misses you. Something barely misses you.
You closely miss the orc.
The orc is heavily wounded.
Something hits you.
* * * LOW HITPOINT WARNING * * *
The orc barely misses you. Something hits you.
* * * LOW HITPOINT WARNING * * *
The orc barely misses you.
You hit the orc.
You kill the orc!
Trog accepts your kill. Something hits you but does no damage.
Something hits you.
* * * LOW HITPOINT WARNING * * *
Something hits you but does no damage.
You hit something but do no damage. Something hits you.
* * * LOW HITPOINT WARNING * * *
You barely miss something.
Something hits you but does no damage. x2
You barely miss something. Something hits you.
* * * LOW HITPOINT WARNING * * *
Something hits you.
* * * LOW HITPOINT WARNING * * *
You sock something! Something hits you.
* * * LOW HITPOINT WARNING * * *
You miss something.
Something hits you but does no damage. x2
You barely miss something.
You hear some strange, mumbled words.
A magic dart appears from out of thin air!
The magic dart hits you.
* * * LOW HITPOINT WARNING * * *
Something hits you.
* * * LOW HITPOINT WARNING * * *
You hit something.
You hear some strange, mumbled words.
A magic dart appears from out of thin air!
The magic dart hits you.
You die...

#..≈#≈.≈#≈.....#
.†..≈...≈......# #..#.
#.≈...≈...≈....###..#.
.≈#≈.≈#≈.≈#≈.........
..≈...≈...≈....# #..#
≈...≈...≈...≈..# #..#
#≈.≈#≈.≈#≈.≈#≈# #..#
≈...≈...≈...≈.####..#
..≈...≈...≈...##@)..#
.≈#≈.≈#≈.≈#≈..##{#..#
..≈...≈...≈.....J####
#.# .#..≈...≈..#######
# #.# .#.≈#≈.≈#≈.#
#.#.# .##.≈...≈..#
#.#.# .#######...#
#.#.. .# #.#.#
#...####### #.
#..........


You could see a jelly.

Vanquished Creatures
  An ogre (D:4)
  An orc priest (D:4)
  A hound (D:4)
  A jelly (D:4)
  An orc wizard (D:4)
  5 adders
  2 dart slugs (D:2)
  9 orcs
  6 ball pythons
  7 bats
  8 endoplasms
  5 giant cockroaches
  4 goblins
  6 hobgoblins
  2 quokkas
  5 frilled lizards
  6 kobolds
  5 rats
75 creatures vanquished.

Vanquished Creatures (others)
  10 fungi (D:4)
10 creatures vanquished.

Grand Total: 85 creatures vanquished

Notes
Turn   | Place    | Note
-------+----------+-------------------------------------------
     0 | D:1      | KittyFluff the Gargoyle Berserker began the quest for the
                  | Orb.
     0 | D:1      | Reached XP level 1. HP: 14/14 MP: 1/1
   795 | D:1      | Reached XP level 2. HP: 19/19 MP: 2/2
   904 | D:1      | Found a faded altar of an unknown god.
  1447 | D:2      | Reached XP level 3. HP: 18/23 MP: 3/3
  1921 | D:2      | Reached ** piety under Trog
  2029 | D:2      | Reached XP level 4. HP: 29/29 MP: 4/4
  3227 | D:4      | Reached XP level 5. HP: 31/33 MP: 5/5
  3411 | D:4      | Found Neuthryel's Distillery.
  3512 | D:4      | Noticed an ogre
  3527 | D:4      | Killed an ogre
  3528 | D:4      | Reached skill level 1 in Stealth
  3528 | D:4      | Reached XP level 6. HP: 39/39 MP: 6/6
  3717 | D:4      | Found Durihump's Magic Scroll Boutique.
  3739 | D:4      | Bought a scroll of teleportation for 42 gold pieces
  3996 | D:4      | HP: 1/40 [something (3)]
  4010 | D:4      | HP: 2/40 [something (2)]
  4011 | D:4      | Killed from afar by an orc wizard

Illustrated notes

Levels and vault maps discovered:
D:1:      amcnicky_arrival_gap_in_the_tavern_cellar, layout_basic,
          shapermc_ecumenical_altar_mp_urbaneastern, grunt_decor_arrowhead
D:2:      layout_loops_ring, kennysheep_generic_room_11
D:3:      layout_basic
D:4:      layout_basic, serial_shops, kennysheep_mini, nicolae_square_shop,
          shop_fountains, shop, serial_aquarium, aquarium_bridge_straight
          [aquarium_subvault_bridge, aquarium_subvault_window,
          aquarium_subvault_bridge, aquarium_subvault_balcony],
          aquarium_window_1, aquarium_window_2, aquarium_view_2c,
          aquarium_balcony_3b, hangedman_decor_diamond_cutter,
          kennysheep_doodads

Skill      XL: |  1  2  3  4  5 |
---------------+----------------+-----
Dodging        | 2 |  2.6
Armour         | 3 |  3.9
Fighting       | 4 |  4.9
Maces & Flails | 4 |  4.4
Stealth        | 1 |  1.4
Throwing       | |  0.1

Action                   |  1- 3 |  4- 6 || total
-------------------------+-------+-------++-------
Melee: Mace              |   130 |   179 ||   309
       Punch             |     3 |       ||     3
Throw: Stone             |       |     4 ||     4
Invok: Berserk           |       |     1 ||     1
  Use: Scroll            |       |     7 ||     7
 Stab: Sleeping          |     1 |     1 ||     2
Armor: Animal skin       |    32 |    14 ||    46
       Leather armour    |       |    79 ||    79
Dodge: Dodged            |   117 |   131 ||   248
